 Dungeon Crawl Stone Soup version 0.29.1-1-gd02db6906a (webtiles) character file.

Game seed: 2261157557522948398

1518 H0rd4k the Ducker (level 9, 0/69 (71) HPs)
             Began as a Human Artificer on Sept 20, 2022.
             Was an Initiate of Gozag.
             Slain by a wight
             ... wielding a +5 war axe
              (6 damage)
             ... on level 7 of the Dungeon.
             The game lasted 00:10:25 (11386 turns).

H0rd4k the Ducker (Human Artificer)                Turns: 11386, Time: 00:10:26

HP:   0/69 (71)     AC:  9    Str: 15    XL:     9   Next: 9%
MP:   13/13         EV: 15    Int: 16    God:    Gozag
Gold: 850           SH:  0    Dex: 14    Spells: 14/14 levels left

rFire   . . .      SeeInvis +   x - +1 flail (drain)
rCold   . . .      Faith    .   (no shield)
rNeg    . . .      Spirit   .   u - +0 robe of Okawaru's Envy {Str+3}
rPois   .          Reflect  .   (no helmet)
rElec   .          Harm     .   (no cloak)
rCorr   .          Rampage  .   (no gloves)
Will    +....                   v - +2 pair of boots
Stlth   ++........              (no amulet)
HPRegen 0.21/turn               w - ring of see invisible
MPRegen 0.13/turn               E - ring "Ynocugo" {Will+ AC+4}

@: lightly drained
A: no striking features
a: Renounce Religion, Potion Petition, Call Merchant, Bribe Branch


You were on level 7 of the Dungeon.
You worshipped Gozag.
Gozag was pleased with you.
You visited 2 branches of the dungeon, and saw 8 of its levels.
You also visited: Sewer.

You collected 945 gold pieces.
You paid 95 gold pieces to Gozag.

Inventory:

Hand Weapons
 x - a +1 flail of draining (weapon)
Armour
 u - the +0 robe of Okawaru's Envy (worn) {Str+3}
   (You found it on level 2 of the Dungeon)

   Str:       It affects your strength (+3).
 v - a +2 pair of boots (worn)
Magical Staves
 t - a staff of conjuration
Jewellery
 r - a ring of protection from fire
 w - a ring of see invisible (left hand)
 E - the ring "Ynocugo" (right hand) {Will+ AC+4}
   (You found it on level 6 of the Dungeon)

   [ring of protection]

   AC:        It affects your AC (+4).
   Will:      It increases your willpower.
Wands
 d - a wand of polymorph (8)
 e - a wand of iceblast (4)
 l - a wand of roots (20)
 B - a wand of digging (5)
Scrolls
 g - 5 scrolls of identify {unknown}
 h - 2 scrolls of enchant armour {unknown}
 i - 3 scrolls of poison {unknown}
 k - a scroll of immolation {unknown}
 n - 4 scrolls of vulnerability {unknown}
 o - 5 scrolls of teleportation {unknown}
 q - 4 scrolls of noise {unknown}
 s - 2 scrolls of blinking {unknown}
 y - 2 scrolls of fear {unknown}
 z - a scroll of torment {unknown}
 D - a scroll of fog {unknown}
 F - a scroll of amnesia {unknown}
 G - 3 scrolls of magic mapping {unknown}
Potions
 a - 3 potions of attraction
 b - a potion of haste
 f - 3 potions of might
 j - 4 potions of degeneration
 m - 2 potions of magic {unknown}
 p - a potion of flight {unknown}
 A - a potion of mutation {unknown}
 C - 3 potions of curing {unknown}


   Skills:
 + Level 6.4 Fighting
 - Level 1.0 Maces & Flails
 - Level 2.0 Armour
 + Level 7.5 Dodging
 - Level 1.0 Stealth
 * Level 3.2 Spellcasting
 - Level 3.0 Evocations


You had 14 spell levels left.
You didn't know any spells.
Your spell library contained the following spells:

 Spells                   Type           Power      Damage    Failure   Level
 Necrotise                Necr           8%         1d4       19%         1
 Sandblast                Erth           4%         2d4       19%         1
 Passwall                 Tmut/Erth      1%         N/A       28%         2
 Call Canine Familiar     Summ           2%         N/A       50%         3
 Portal Projectile        Hex/Tloc       4%         N/A       50%         3
 Stone Arrow              Conj/Erth      4%         3d7       50%         3
 Vampiric Draining        Necr           2%         2d6       50%         3
 Leda's Liquefaction      Hex/Erth       1%         N/A       88%         4
 Agony                    Necr           2%         N/A       99%         5


Dungeon Overview and Level Annotations

Branches:
Dungeon (7/15)             Temple (1/1) D:5           Sewer (visited)

Altars:
Cheibriados
Elyvilon
Fedhas
Gozag
Hepliaklqana
Kikubaaqudgha
Makhleb
Nemelex Xobeh
Okawaru
Qazlal
Sif Muna
Trog
Uskayaw
Vehumet
Wu Jian
Xom
Zin
The Shining One

Shops:
D:5 ?


Message History

You catch the helpless wight completely off-guard!
You hit the wight.
The wight is no longer distracted by gold.
The wight is almost destroyed.
The wight barely misses you.
You closely miss the wight.
The wight is almost destroyed.
The wight barely misses you.
You hit the wight but do no damage.
The wight is almost destroyed.
The wight hits you but does no damage. The wight barely misses you.
You barely miss the wight.
The wight is almost destroyed.
The wight closely misses you.
You barely miss the wight.
The wight is almost destroyed.
The wight hits you with a +0 short sword.
You feel drained.
You hit the wight.
You destroy the wight!
The wight hits you with a +5 war axe!
Your life force feels restored.
You barely miss the wight. The wight hits you with a +5 war axe.
You barely miss the wight. The wight hits you with a +5 war axe!
* * * LOW HITPOINT WARNING * * *
You hit the wight.
The wight is moderately damaged.
The wight hits you with a +5 war axe!
* * * LOW HITPOINT WARNING * * *
You feel drained.
* * * LOW HITPOINT WARNING * * *
The wight closely misses you.
Aiming: Fastroot
Press: ? - help, Shift-Dir - straight line, f - wight
Aim: a wight, wielding a +5 war axe and wearing a +0 robe (lightly damaged)
The roots erupt in riotous growth!
Roots grab the wight.
The grasping roots constrict the wight.
The wight hits you with a +5 war axe.
You die...
Your body crumbles into a pile of gold.

.....#.# #.#....################
.....................<#
#........>#############
........#.# #######.#.#
......#.#.# ###### ######
...<#.#.#)# #....# #⌠...#
#####.#.#.# #.##@# ####...#
....).#.#.###.##z# #...._.#
................>########.##...#
........#.....#...........#⌠...#
...############...........######
##.# #...........# #...
#...........# ##...[
#...........# #.....
##...########


You could see a wight (rooted).

Vanquished Creatures
  2 ice beasts
  A tengu (D:7)
  2 kobold brigands
  A bullfrog (D:7)
  2 necrophages
  A scorpion (D:5)
  2 wights (D:7)
  2 howler monkeys
  An orc priest (D:4)
  2 hounds (D:6)
  2 orc wizards
  17 gnolls
  6 river rats (Sewer)
  10 adders
  A shadow imp (D:4)
  4 ufetubi
  A worm (D:3)
  16 orcs
  2 bats (D:1)
  5 endoplasms
  6 giant cockroaches
  11 goblins
  8 hobgoblins
  5 jackals
  32 kobolds
  10 quokkas
  7 ball pythons
  9 frilled lizards
  25 rats
193 creatures vanquished.

Vanquished Creatures (collateral kills)
  An iguana (D:4)
  2 gnolls
  An adder (D:4)
  A worm (D:2)
  A goblin (D:1)
  3 kobolds
  4 rats (D:3)
13 creatures vanquished.

Vanquished Creatures (others)
  An orc priest (D:4)
  3 gnolls (D:5)
  A kobold (D:1)
5 creatures vanquished.

Grand Total: 211 creatures vanquished

Notes
Turn   | Place    | Note
-------+----------+-------------------------------------------
     0 | D:1      | H0rd4k the Human Artificer began the quest for the Orb.
     0 | D:1      | Reached XP level 1. HP: 15/15 MP: 1/1
   310 | D:1      | Reached XP level 2. HP: 12/21 MP: 2/2
   911 | D:1      | Reached skill level 1 in Maces & Flails
  1143 | D:1      | Reached XP level 3. HP: 16/27 MP: 3/3
  1320 | D:1      | Reached skill level 2 in Dodging
  2246 | D:1      | Reached XP level 4. HP: 24/33 MP: 4/4
  3458 | D:2      | Reached skill level 3 in Dodging
  3740 | D:2      | Identified the +0 robe of Okawaru's Envy {Str+3}
  4240 | D:3      | Reached XP level 5. HP: 39/39 MP: 5/5
  5230 | D:4      | Reached XP level 6. HP: 47/47 MP: 6/6
  5267 | D:4      | Reached skill level 4 in Dodging
  6420 | D:5      | Entered Level 5 of the Dungeon
  6640 | D:5      | Found a staircase to the Ecumenical Temple.
  6648 | Temple   | Entered the Ecumenical Temple
  6944 | Temple   | Became a worshipper of Gozag Ym Sagoz the Greedy
  7074 | D:5      | Reached XP level 7. HP: 51/55 MP: 7/7
  7116 | D:5      | Reached skill level 5 in Dodging
  7116 | D:5      | Reached skill level 1 in Spellcasting
  7321 | D:5      | Found Roolyc's Magic Scroll Shop.
  8599 | D:5      | Reached skill level 5 in Fighting
  8754 | D:5      | Reached XP level 8. HP: 19/62 MP: 10/10
  8992 | D:5      | HP: 3/62 [gnoll/+0 spear (3)]
  8995 | D:5      | Reached skill level 6 in Dodging
  9731 | D:6      | Found a glowing drain.
  9752 | Sewer    | Entered a sewer
 10456 | D:6      | Found a sparkling altar of Nemelex Xobeh.
 10771 | D:6      | Identified the ring "Ynocugo" {Will+ AC+4}
 11184 | D:7      | Reached skill level 7 in Dodging
 11332 | D:7      | Found a burning altar of Makhleb.
 11369 | D:7      | Reached XP level 9. HP: 61/69 MP: 13/13
 11386 | D:7      | Slain by a wight

Illustrated notes

Levels and vault maps discovered:
D:1:      dpeg_arrival_simpleton_a, layout_loops_corners, minmay_heptomino_h4
D:2:      layout_loops_ring, nicolae_eternal_life,
          minmay_randomly_rotated_circles
D:3:      layout_rooms, minmay_rat_hole
D:4:      layout_gridville, kennysheep_generic_room_14
D:5:      minmay_goblin_kobold_castle, layout_basic,
          minmay_temple_entry_steel_oval, serial_shops, nicolae_shop_statue_plus
D:6:      layout_cave_pools, nemelex_spade_bored_becter, gup_sewer_entry_pipe,
          minmay_stone_trees_small
D:7:      layout_basic, nicolae_ru_sacrificial_ziggurat,
          mainiacjoe_overflow_alcove_2, uniq_prince_ribbit1
Temple:   minmay_temple_bridge_d

Skill      XL: |  1  2  3  4  5  6  7  8 |
---------------+-------------------------+-----
Maces & Flails | 1 |  1.0
Dodging        | 2 3 4 5 7 |  7.5
Fighting       | 2 3 4 5 6 |  6.4
Spellcasting   | 1 3 |  3.2
Armour         | |  2.0
Stealth        | |  1.0
Evocations     | |  3.0

Action                   |  1- 3 |  4- 6 |  7- 9 || total
-------------------------+-------+-------+-------++-------
Melee: Club              |   143 |   171 |       ||   314
       Punch             |     3 |     3 |     5 ||    11
       Flail             |       |    93 |   383 ||   476
Evoke: Wand              |     4 |    20 |     9 ||    33
  Use: Potion            |       |     3 |     2 ||     5
 Stab: Sleeping          |       |     5 |     9 ||    14
       Distracted        |       |       |     1 ||     1
Armor: Leather armour    |    60 |    27 |       ||    87
       Robe              |       |    58 |   147 ||   205
Dodge: Dodged            |    88 |   214 |   413 ||   715
